 Dungeon Crawl Stone Soup version 0.27.1-34-g3ba077fa99 (webtiles) character file.

Game seed: 6195678214637530513

3 cbfl8 the Sneak (level 1, -12/20 HPs)
             Began as a Minotaur Delver on Jan 20, 2022.
             Killed by divine providence
             ... invoked by an orc priest
              (13 damage)
             ... on level 5 of the Dungeon.
             The game lasted 00:00:10 (40 turns).

cbfl8 the Sneak (Minotaur Delver)                     Turns: 40, Time: 00:00:11

Health: -12/20     AC:  3    Str: 16    XL:     1   Next: 41%
Magic:  0/0        EV: 11    Int:  7    God:
Gold:   0          SH:  0    Dex: 11    Spells: 0/0 levels left

rFire    . . .     SeeInvis .   a - +0 hand axe
rCold    . . .     Faith    .   (no shield)
rNeg     . . .     Spirit   .   b - +0 leather armour
rPois    .         Reflect  .   (helmet restricted)
rElec    .         Harm     .   (no cloak)
rCorr    .         Rampage  .   (no gloves)
Will     .....                  (no boots)
Stlth    ++........             (no amulet)
HPRegen  0.06/turn              (no ring)
MPRegen  0.07/turn              (no ring)

@: no status effects
A: horns 2, retaliatory headbutt
a: no special abilities


You were on level 5 of the Dungeon.
You visited 1 branch of the dungeon, and saw 1 of its levels.

Inventory:

Hand Weapons
 a - a +0 hand axe (weapon)
Armour
 b - a +0 leather armour (worn)
Wands
 g - a wand of digging (3)
Scrolls
 c - a scroll of fog
 d - a scroll of magic mapping
 e - a scroll of fear
 h - a scroll of identify {unknown}
Potions
 f - a potion of haste


   Skills:
 + Level 3.6 Fighting
 + Level 2.4 Axes
 + Level 2.2 Dodging
 + Level 4.2 Stealth


You couldn't memorise any spells.
You didn't know any spells.
Your spell library was empty.

Dungeon Overview and Level Annotations

Branches:
Dungeon (5/15)
 Temple: D:4-7

Altars:


Innate Abilities, Weirdness & Mutations

You have a pair of horns on your head.
You reflexively headbutt those who attack you in melee.


Message History

The orc closely misses you. You furiously retaliate!
You headbutt the orc.
The orc priest mumbles some strange prayers to Beogh against you.
Beogh smites you!
Ouch! That really hurt!
The orc priest casts a cantrip, but nothing happens.
An orc comes into view. It is wielding a +0 club.
The orc hits you but does no damage. The orc closely misses you.
You see here 8 poisoned darts.
The orc barely misses you. You furiously retaliate!
You headbutt the orc!
You kill the orc!
A water moccasin and 2 jackals come into view.
Found 17 sling bullets.
The water moccasin hisses angrily.
The jackal barks!
You hear a bark!
A jackal comes into view.
You hear a howl!
You closely miss the jackal.
A howler monkey comes into view.
You closely miss the jackal.
The orc priest hits you from afar with a +0 trident.
* * * LOW HITPOINT WARNING * * *
The jackal closely misses you.
The orc priest hits you from afar with a +0 trident.
* * * LOW HITPOINT WARNING * * *
The howler monkey howls!
You hit the jackal.
The jackal is almost dead.
The jackal closely misses you. You furiously retaliate!
You headbutt the jackal.
You kill the jackal!
The jackal completely misses you.
The orc priest hits you from afar with a +0 trident.
* * * LOW HITPOINT WARNING * * *
You barely miss the jackal.
You headbutt the jackal, but do no damage.
The jackal bites you but does no damage.
The orc priest calls down the wrath of Beogh upon you.
Beogh smites you!
Ouch! That really hurt!
You die... .. (.## #... #..# hh#

#S# #h######
#@†ooo.##
######()##
##..####
##..o.######
####..o$o..
########


You could see a water moccasin, a howler monkey, an orc priest, an orc wizard,
an orc and 2 jackals.

Vanquished Creatures
  An orc (D:5)
  A jackal (D:5)
2 creatures vanquished.

Notes
Turn   | Place    | Note
-------+----------+-------------------------------------------
     0 | D:5      | cbfl8 the Minotaur Delver began the quest for the Orb.
     0 | D:5      | Reached XP level 1. HP: 19/19 MP: 0/0
     7 | D:5      | Noticed an orc priest
    13 | D:5      | Noticed an orc wizard
    35 | D:5      | Noticed a water moccasin
    37 | D:5      | Noticed a howler monkey
    40 | D:5      | Killed from afar by an orc priest

Illustrated notes

Levels and vault maps discovered:
D:5:      layout_rooms, minmay_temple_entry_junction, uniq_menkaure

Action                   || total
-------------------------++-------
Melee: Hand axe          ||     4
       Headbutt          ||     1
Armor: Leather armour    ||     2
Dodge: Dodged            ||     6
